 Dungeon Crawl Stone Soup version 0.20-b1-2-gc5a9893 (webtiles) character file.

84 turnburgler the Sneak (level 4, -2/23 HPs)
             Began as a Spriggan Assassin on May 21, 2017.
             Was a Follower of Elyvilon.
             Slain by an orc wizard
             ... wielding a +0 dagger
              (3 damage)
             ... on level 3 of the Dungeon.
             The game lasted 00:08:56 (2140 turns).

turnburgler the Sneak (Spriggan Assassin)           Turns: 2140, Time: 00:08:57

Health: -2/23      AC:  3    Str:  8    XL:     4   Next: 23%
Magic:  5/5        EV: 19    Int: 12    God:    Elyvilon [*.....]
Gold:   124        SH:  0    Dex: 17    Spells: 3/3 levels left

rFire    . . .     SeeInvis +   u - -2 falchion (curse)
rCold    . . .     Gourm    .   (shield restricted)
rNeg     . . .     Faith    .   c - +0 robe
rPois    .         Spirit   .   (helmet restricted)
rElec    .         Reflect  .   d - +0 cloak
rCorr    .         Harm     .   (gloves unavailable)
MR       .....                  (boots unavailable)
Stlth    +++++.....             (no amulet)
Regen    0.1/turn               i - ring of wizardry
MPRegen  0.1/turn               n - ring of stealth

@: very quick
A: unfitting armour, see invisible, herbivore 3, speed 3, slow metabolism 2
a: Lesser Healing, Divine Protection, Renounce Religion


You were on level 3 of the Dungeon.
You worshipped Elyvilon.
Elyvilon was aware of your devotion.
You were not hungry.

You visited 1 branch of the dungeon, and saw 4 of its levels.

You collected 124 gold pieces.

Inventory:

Hand Weapons
 a - a +2 dagger
 b - a +0 blowgun
 u - a cursed -2 falchion (weapon)
Missiles
 e - 8 poisoned needles
 f - 2 curare-tipped needles
 j - 40 arrows
Armour
 c - a +0 robe (worn)
 d - a +0 cloak (worn)
Jewellery
 i - a ring of wizardry (left hand)
 n - a ring of stealth (right hand)
Scrolls
 l - a scroll of blinking
 m - a scroll of noise
 o - a scroll of enchant weapon
Potions
 h - 2 potions of curing {unknown}
 k - a potion of magic {unknown}
 p - a potion of agility {unknown}
 s - a potion of ambrosia {unknown}
 t - a potion of mutation {unknown}
Comestibles
 g - 2 bread rations


   Skills:
 + Level 2.4 Fighting
 - Level 2.1 Short Blades
 - Level 2.0 Throwing
 * Level 4.0 Dodging
 + Level 6.6 Stealth


You had 3 spell levels left.
You didn't know any spells.

Dungeon Overview and Level Annotations

Branches:
Dungeon (4/15)
 Temple: D:4-7

Altars:
Elyvilon


Innate Abilities, Weirdness & Mutations

You are very small and have problems with some larger weapons.
You are too small for most types of armour.
You have supernaturally acute eyesight. (SInv)
You are a herbivore.
You cover ground extremely quickly.
You need consume almost no food.


Message History

The orc wizard casts a spell at you. The puff of flame hits you!
* * * LOW HITPOINT WARNING * * *
You closely miss the orc wizard.
The orc wizard is heavily wounded.
The orc wizard misses you.
You riposte.
You barely miss the orc wizard.
The orc wizard is heavily wounded.
You barely miss the orc wizard.
The orc wizard is heavily wounded.
The orc wizard closely misses you. The orc wizard casts a spell at you.
The puff of flame hits you!
* * * LOW HITPOINT WARNING * * *
You hit the orc wizard but do no damage.
The orc wizard is heavily wounded.
The orc wizard closely misses you.
You hit the orc wizard but do no damage.
The orc wizard is heavily wounded.
The orc wizard hits you with a dagger.
You die...

..# #.##.#...<..########.##.##
..# #.##.................##..#
,,* #.*#.#..##.#.######..###.####
*** *,....................[......
*######..#.########.......###
****#....### **##..###'###
*******....#.#...# *..........#.
,,,,,,+....'.#.#.# #.#####....#.
,******,...#*#.#@#**#,**#......#.
,,,* *........)o.........##...##
,,,* *..........####.....*#...##
,,,****........### *,...,*#...##
,,,+,,,,,......# *,..,,*#...##
,,,*****,.....#* *****####...#
,,,* *,.....* #....#.# **,*
**#####* #....'.. **,* #.[..#..


You could see an orc wizard (invisible).

Vanquished Creatures
  Terence (D:2)
  An adder (D:3)
  A worm (D:2)
  2 dart slugs (D:1)
  A leopard gecko (D:2)
  2 orcs (D:3)
  4 bats
  A giant cockroach (D:1)
  3 goblins
  9 hobgoblins
  A ball python (D:2)
  4 frilled lizards
  5 kobolds
  4 rats
39 creatures vanquished.

Notes
Turn   | Place    | Note
-------+----------+-------------------------------------------
     0 | D:1      | turnburgler the Spriggan Assassin began the quest for the Orb.
     0 | D:1      | Reached XP level 1. HP: 10/10 MP: 2/2
     8 | D:1      | Reached skill level 6 in Stealth
   141 | D:1      | Reached XP level 2. HP: 13/15 MP: 3/3
   711 | D:2      | Found a white marble altar of Elyvilon.
   729 | D:2      | Became a worshipper of Elyvilon the Healer
   971 | D:2      | Reached XP level 3. HP: 12/18 MP: 4/4
  1100 | D:2      | Noticed Terence
  1139 | D:2      | Killed Terence
  1239 | D:2      | Reached * piety under Elyvilon
  1590 | D:3      | Reached XP level 4. HP: 14/23 MP: 5/5
  2138 | D:3      | HP: 1/23 [orc wizard/puff of flame (4)]
  2140 | D:3      | Slain by an orc wizard

Skill      XL: |  1  2  3  4 |
---------------+-------------+-----
Stealth        | 6 |  6.6
Dodging        | 2 3 4 |  4.0
Fighting       | 2 |  2.4
Short Blades   | |  2.1
Throwing       | |  2.0

Action                   |  1- 3 |  4- 6 || total
-------------------------+-------+-------++-------
Melee: Dagger            |   171 |       ||   171
       Falchion          |       |    49 ||    49
Invok: Lesser Healing    |       |     4 ||     4
  Use: Potion            |     1 |       ||     1
       Scroll            |       |     5 ||     5
 Stab: Sleeping          |     4 |       ||     4
       Distracted        |       |     1 ||     1
Armor: Robe              |    14 |     3 ||    17
Dodge: Dodged            |   113 |    46 ||   159
       Rpst.: Falchion   |       |    17 ||    17
